 Dungeon Crawl Stone Soup version 0.27.1-35-g4d5d836560 (webtiles) character file.

Game seed: 611037326431302541

7 Delamore the Sneak (level 1, -1/7 HPs)
             Began as a Felid Hedge Wizard on Mar 1, 2022.
             Slain by a rat (3 damage)
             ... on level 1 of the Dungeon.
             The game lasted 00:01:01 (250 turns).

Delamore the Sneak (Felid Hedge Wizard)              Turns: 250, Time: 00:01:02

Health: -1/7       AC:  1    Str:  6    XL:     1   Next: 83%
Magic:  5/5        EV: 17    Int: 15    God:
Gold:   7          SH:  0    Dex: 15    Spells: 5/6 levels left
                                        Lives:  0   Deaths: 0

rFire    . . .     SeeInvis +   (weapon unavailable)
rCold    . . .     Faith    .   (shield unavailable)
rNeg     . . .     Spirit   .   (armour unavailable)
rPois    .         Reflect  .   (helmet unavailable)
rElec    .         Harm     .   (cloak unavailable)
rCorr    .         Rampage  .   (gloves unavailable)
Will     .....                  (boots unavailable)
Stlth    ++........             (no amulet)
HPRegen  0.02/turn              (no ring)
MPRegen  0.09/turn              (no ring)

@: quick
A: very small, claws 1, fangs 3, see invisible, speed 1, shaggy fur 1, stealthy
paws, no weapons or thrown items, no armour, multi-lived
a: no special abilities


You were on level 1 of the Dungeon.
You visited 1 branch of the dungeon, and saw 1 of its levels.

You collected 7 gold pieces.

Inventory:

Scrolls
 b - a scroll of noise {unknown}
 c - a scroll of vulnerability {unknown}
Potions
 a - a potion of haste {unknown}
 d - a potion of curing {unknown}


   Skills:
 * Level 3.0 Dodging
 * Level 3.1 Stealth
 + Level 3.0 Spellcasting
 + Level 1.0 Conjurations
 - Level 1.0 Summonings
 - Level 1.5 Translocations


You had 5 spell levels left.
You knew the following spells:

 Your Spells              Type           Power      Damage    Failure   Level
a - Magic Dart            Conj           20%        1d4       13%         1

Your spell library contained the following spells:

 Spells                   Type           Power      Damage    Failure   Level
 Blink                    Tloc           N/A        N/A       16%         2
 Call Imp                 Summ           5%         N/A       21%         2
 Slow                     Hex            2%         N/A       30%         2
 Conjure Flame            Conj/Fire      3%         6-21      43%         3
 Mephitic Cloud           Conj/Pois/Air  3%         N/A       45%         3


Dungeon Overview and Level Annotations

Branches:
Dungeon (1/15)

Altars:


Innate Abilities, Weirdness & Mutations

You have sharp claws.
You have razor-sharp teeth.
You have supernaturally acute eyesight. (SInv)
You cover ground quickly. (Speed+)
You are covered in fur. (AC +1)
Your paws help you pounce on unaware monsters.
You are incapable of wielding weapons or throwing items.
You cannot wear armour.
You gain extra lives every three experience levels.


Message History

You now have 7 gold pieces.
Found a scroll labelled VIUG YLATEKKOCK.
A kobold comes into view. It is wielding a +0 dagger.
A kobold is nearby!
A bat and a rat come into view.
You miss the bat. The bat closely misses you. The bat completely misses you.
You scratch the bat.
The bat is severely wounded.
The bat completely misses you.
You scratch the bat.
You kill the bat!
Your Dodging skill increases to level 3!
The kobold shouts!
There are monsters nearby!
There are monsters nearby!
Found a runed dagger.
The kobold hits you with a +0 dagger.
You scratch the kobold but do no damage.
The kobold completely misses you.
You scratch the kobold. Your bite misses the kobold.
The kobold is moderately wounded.
The kobold hits you with a +0 dagger.
You scratch the kobold but do no damage.
The kobold is moderately wounded.
The kobold closely misses you.
You barely miss the kobold.
The kobold is moderately wounded.
The kobold hits you with a +0 dagger.
You scratch the kobold.
The kobold is severely wounded.
The kobold closely misses you.
You scratch the kobold.
You kill the kobold!
The rat misses you.
You barely miss the rat. The rat misses you.
You scratch the rat but do no damage. The rat bites you.
* * * LOW HITPOINT WARNING * * *
You barely miss the rat. The rat bites you.
You die...

........ #.##
######### ##r.#...#.
...# #...#.# #.#.#.#
#?..P. ....P... #...#
#.#P#.#.# #...#.P.
...#
#.#####.†.#.#.#P#.#.#
#..)@r.....P...PP.P.P
####.###..#.#.#.#.#.#
...# #..# #. ...#
#....###.############
#.##.##..............
...
..##....>.........
###
#.##.....######...
#)###.....#.....#)
.#######.#.###...


You could see a rat.

Vanquished Creatures
  A bat (D:1)
  A giant cockroach (D:1)
  A ball python (D:1)
  A frilled lizard (D:1)
  2 goblins (D:1)
  A kobold (D:1)
7 creatures vanquished.

Notes
Turn   | Place    | Note
-------+----------+-------------------------------------------
     0 | D:1      | Delamore the Felid Hedge Wizard began the quest for the
                  | Orb.
     0 | D:1      | Reached XP level 1. HP: 7/7 MP: 5/5
     2 | D:1      | Noticed a barachi
     4 | D:1      | Noticed a troll
     6 | D:1      | Noticed a djinni
     6 | D:1      | Noticed a vine stalker
     8 | D:1      | Noticed a ghoul
     8 | D:1      | Noticed a formicid
    10 | D:1      | Noticed a palentonga
    10 | D:1      | Noticed a dwarf
    12 | D:1      | Noticed a naga
    14 | D:1      | Noticed a human
    14 | D:1      | Noticed a merfolk
    16 | D:1      | Noticed a gargoyle
    16 | D:1      | Noticed an ogre
    18 | D:1      | Noticed a felid
    18 | D:1      | Noticed a spriggan
    20 | D:1      | Noticed an octopode
    22 | D:1      | Noticed a demonspawn
    24 | D:1      | Noticed a vampire
    24 | D:1      | Noticed a tengu
    26 | D:1      | Noticed an elf
    26 | D:1      | Noticed a demigod
    28 | D:1      | Noticed a draconian
    28 | D:1      | Noticed a minotaur
    62 | D:1      | Reached skill level 1 in Conjurations
   250 | D:1      | Slain by a rat

Illustrated notes

Levels and vault maps discovered:
D:1:      kb_arrival_jail, layout_loops_ring,
          shapermc_ecumenical_altar_mp_urbaneastern

Skill      XL: |  1 |
---------------+----+-----
Conjurations   | 1 |  1.0
Stealth        | 3 |  3.1
Dodging        | 3 |  3.0
Spellcasting   | |  3.0
Summonings     | |  1.0
Translocations | |  1.5

Action                   || total
-------------------------++-------
Melee: Unarmed           ||    23
 Stab: Sleeping          ||     1
Armor: Skin              ||     1
Dodge: Dodged            ||    15
